 Dungeon Crawl Stone Soup version 0.29-a0-317-gd16b76e6b1 (webtiles) character file.

Game seed: 15897081663929199208

22 Bnni the Ducker (level 2, -6/21 HPs)
             Began as an Octopode Fighter on Apr 1, 2022.
             Was a Follower of Trog.
             Killed by divine providence
             ... invoked by an orc priest
              (13 damage)
             ... on level 2 of the Dungeon.
             The game lasted 00:01:35 (1009 turns).

Bnni the Ducker (Octopode Fighter)                  Turns: 1009, Time: 00:01:35

Health: -6/21      AC:  1    Str: 15    XL:     2   Next: 91%
Magic:  2/2        EV: 13    Int: 10    God:    Trog [*.....]
Gold:   33         SH:  4    Dex: 11    Spells: 1/1 levels left

rFire   . . .      SeeInvis .   f - +2 dagger (venom)
rCold   . . .      Faith    .   a - +0 buckler
rNeg    . . .      Spirit   .   (helmet restricted)
rPois   .          Reflect  .   (no amulet)
rElec   .          Harm     .   (no ring)
rCorr   .          Rampage  .   (no ring)
Will    .....                   (no ring)
Stlth   ++........              (no ring)
HPRegen 0.07/turn               (no ring)
MPRegen 0.08/turn               (no ring)
                                (no ring)
                                (no ring)

@: no status effects
A: almost no armour, amphibious, 8 rings, camouflage 1, gelatinous body 1,
(nimble swimmer 1), tentacles
a: Renounce Religion, Berserk


You were on level 2 of the Dungeon.
You worshipped Trog.
Trog was aware of your devotion.
You visited 1 branch of the dungeon, and saw 2 of its levels.

You collected 33 gold pieces.

Inventory:

Hand Weapons
 f - a +2 dagger of venom (weapon)
Armour
 a - a +0 buckler (worn)
Jewellery
 d - a ring of protection from fire
 h - a ring of resist corrosion
Scrolls
 c - a scroll of fog {unknown}
 e - a scroll of amnesia {unknown}
 g - 2 scrolls of noise {unknown}
Potions
 b - a potion of might
 i - a potion of magic {unknown}


   Skills:
 + Level 3.2 Fighting
 + Level 3.2 Dodging
 - Level 3.0 Shields
 * Level 2.7 Unarmed Combat


You had one spell level left.
You didn't know any spells.
Your spell library was empty.

Dungeon Overview and Level Annotations

Branches:
Dungeon (2/15)

Altars:
Trog


Innate Abilities, Weirdness & Mutations

You cannot wear most types of armour.
You are amphibious.
You can wear up to eight rings at the same time.
Your skin changes colour to match your surroundings (Stealth+).
Your rubbery body absorbs attacks. (AC +1, EV +1)
((You are camouflaged when in or above water. (Stealth+)))
You have tentacles for arms and can constrict up to eight enemies at once.


Message History

No target in view!
No target in view!
You see here a dart slug corpse.
Found a short sword.
No target in view!
No target in view!
h - a ring of resist corrosion No target in view!
No target in view!
Done exploring.
Done exploring.
You see here a quokka skeleton.
There is a stone staircase leading down here.
You climb downwards.
There is a stone staircase leading up here.
A rat is nearby!
The helpless rat fails to defend itself.
You hit the rat.
You kill the rat!
Trog accepts your kill.
No target in view!
You see here a rat corpse.
i - a fuming blue potion No target in view!
No target in view!
An orc, an orc priest and an orc wizard come into view.
The orc wizard is wielding a +0 dagger and wearing a +2 robe of fire resistance.
The orc shouts!
The orc wizard shouts!
You hear a shout!
The orc priest shouts!
An orc comes into view. It is wielding a +0 whip.
The orc priest calls down the wrath of Beogh upon you.
Beogh smites you!
Ouch! That really hurt!
* * * LOW HITPOINT WARNING * * *
There are monsters nearby!
You are too injured to fight recklessly!
The orc priest looks encouraged for a moment.
The orc priest mumbles some strange prayers to Beogh against you.
Beogh smites you!
Ouch! That really hurt!
You die...

#.## ... ######.#
....#.# # #....#
#.##.#.#####
#.......o..#
##############o#.###.#
#.....@....oo..#.# #.#
#.########.#####.###.#
#.#.# #.........#o#
#.#.## #.#####.#.#o#
#....# #.# #...#.#o#
#.#.## #.# #.###.#o.
###†# #.# #.# #.###
#.# #.# #.# #.# #.#
#.# #.#


You could see an orc priest and an orc wizard.

Vanquished Creatures
  A dart slug (D:1)
  3 ball pythons (D:1)
  2 bats (D:1)
  3 endoplasms (D:1)
  A goblin (D:1)
  A hobgoblin (D:1)
  A quokka (D:1)
  2 frilled lizards (D:1)
  2 kobolds (D:1)
  4 rats
20 creatures vanquished.

Notes
Turn   | Place    | Note
-------+----------+-------------------------------------------
     0 | D:1      | Bnni the Octopode Fighter began the quest for the Orb.
     0 | D:1      | Reached XP level 1. HP: 16/16 MP: 1/1
   329 | D:1      | Reached XP level 2. HP: 21/21 MP: 2/2
   374 | D:1      | Found a faded altar of an unknown god.
   380 | D:1      | Prayed at the altar of an unknown god.
   380 | D:1      | Became a worshipper of Trog the Wrathful
   380 | D:1      | Reached * piety under Trog
  1009 | D:2      | Killed from afar by an orc priest

Illustrated notes

Levels and vault maps discovered:
D:1:      elethiomel_arrival_quiet, layout_loops_ring,
          ebering_ecumenical_altar_petrified
D:2:      layout_basic, serial_shops, nicolae_square_shop

Action                   || total
-------------------------++-------
Melee: Unarmed           ||    15
       Tentacles         ||     4
       Constrict         ||     5
       Dagger            ||    17
 Stab: Sleeping          ||     5
Armor: Skin              ||     1
Dodge: Dodged            ||     9
Block: Buckler           ||     1

Table legend: (Time is in decaauts)
 A = Elapsed time spent in this place.
 B = Non-inter-level travel time spent in this place.
 C = Inter-level travel time spent in this place.
 D = Time resting spent in this place.
 E = Time spent auto-exploring this place.
 F = Levels seen in this place.
 G = Mean time per level.
                   A        B        C        D        E       F      G
               +--------+--------+--------+--------+--------+-----+--------+
         Total |   1008 |    977 |     31 |      0 |    837 |   2 |  504.0 |
       Dungeon |   1008 |    977 |     31 |      0 |    837 |   2 |  504.0 |
               +--------+--------+--------+--------+--------+-----+--------+

Top non-repeatable levels by time:
     D:1: 920 daAuts
     D:2: 87 daAuts
